 Dungeon Crawl Stone Soup version 0.31.0-32-g396128a36d (webtiles) character file.

Game seed: 4160160128184587299

1683 PaiMei the Purveyor of Pain (level 8, -1/57 (62) HPs)
             Began as a Demonspawn Necromancer on Apr 19, 2024.
             Was an Initiate of Kikubaaqudgha.
             Slain by a wight
             ... wielding a +3 mace
              (6 damage)
             ... on level 6 of the Dungeon.
             The game lasted 00:12:12 (8055 turns).

PaiMei the Purveyor of Pain (DsNe)                  Turns: 8055, Time: 00:12:12

HP:   -1/57 (62)    AC:  5    Str:  9    XL:     8   Next: 71%
MP:   16/16         EV: 15    Int: 17    God:    Kikubaaqudgha [......]
Gold: 228           SH:  4    Dex: 19    Spells: 13/17 levels left

rFire   . . .        B - +3 dagger of Imminent Death {drain, Fly Dex+5}
rCold   . . .        (no shield)
rNeg    . . .        a - +0 robe
rPois   .            s - +0 helmet
rElec   .            (no cloak)
rCorr   .            (no gloves)
SInv    +            (no boots)
Will    .....        i - amulet of regeneration
Stlth   ++           j - ring of see invisible
HPRegen 1.09/turn    (no ring)
MPRegen 0.15/turn

%: no passive effects
@: flying, drained
A: claws 1, slimy green scales 1, foul stench 1, condensation shield
a: Renounce Religion


You were on level 6 of the Dungeon.
You worshipped Kikubaaqudgha.
Kikubaaqudgha was noncommittal.
You visited 2 branches of the dungeon, and saw 7 of its levels.
You also visited: Sewer.

You collected 228 gold pieces.

Inventory:

Hand Weapons
 d - a +1 whip of freezing
 g - a +2 spear of venom
 A - a +1 mace of protection
 B - the +3 dagger of Imminent Death (weapon) {drain, Fly Dex+5}
   (You found it on level 6 of the Dungeon)

   Dex+5:     It affects your dexterity (+5).
   Fly:       It grants you flight.
Missiles
 q - 11 curare-tipped darts (quivered)
Armour
 a - a +0 robe (worn)
 s - a +0 helmet (worn)
Magical Staves
 t - a staff of death
Jewellery
 i - an amulet of regeneration (around neck)
 j - a ring of see invisible (left claw)
 u - an amulet of guardian spirit
 y - an amulet of magic regeneration
Wands
 I - a wand of flame (9)
Scrolls
 c - 2 scrolls of blinking
 e - a scroll of noise {unknown}
 m - a scroll of teleportation {unknown}
 o - a scroll of torment {unknown}
 r - a scroll of amnesia {unknown}
 w - 4 scrolls of identify {unknown}
 D - a scroll of enchant weapon {unknown}
 E - a scroll of fear {unknown}
 F - a scroll of butterflies {unknown}
 G - a scroll of enchant armour {unknown}
 H - a scroll of fog {unknown}
Potions
 b - 2 potions of magic
 f - a potion of might {unknown}
 h - 2 potions of ambrosia {unknown}
 k - 2 potions of degeneration {unknown}
 l - 2 potions of cancellation {unknown}
 n - a potion of mutation {unknown}
 p - a potion of lignification {unknown}
 v - 2 potions of enlightenment {unknown}
 x - a potion of heal wounds {unknown}
 z - a potion of attraction {unknown}
 C - a potion of haste {unknown}


   Skills:
 + Level 5.1 Fighting
 + Level 5.3 Dodging
 - Level 2.4 Stealth
 + Level 5.3 Spellcasting
 + Level 7.5 Necromancy


You had 13 spell levels left.
You knew the following spells:

 Your Spells              Type           Power      Damage    Failure   Level
a - Necrotise             Necr           100%       1d9       1%          1
b - Vampiric Draining     Necr           30%        2d8       1%          3

Your spell library contained the following spells:

 Spells                   Type           Power      Damage    Failure   Level
 Animate Dead             Necr           30%        N/A       6%          4
 Magic Dart               Conj           16%        1d3       14%         1
 Curse of Agony           Necr           30%        N/A       17%         5
 Blink                    Tloc           8%         N/A       21%         2
 Call Imp                 Summ           8%         N/A       21%         2
 Jinxbite                 Hex            8%         N/A       21%         2
 Cause Fear               Hex            2%         N/A       80%         4
 Fireball                 Conj/Fire      2%         3d4       98%         5
 Yara's Violent Unravell  Hex/Alch       2%         3d3       98%         5
 Enfeeble                 Hex            2%         N/A       100%        7
 Dragon's Call            Summ           2%         N/A       100%        9


Dungeon Overview and Level Annotations

Branches:
Dungeon (6/15)             Temple (1/1) D:6           Sewer (visited)

Altars:
Dithmenos
Gozag
Hepliaklqana
Kikubaaqudgha
Makhleb
Nemelex Xobeh
Okawaru
Sif Muna
Trog
Wu Jian
Xom
Yredelemnul

Shops:
D:3 (   D:4 (

Annotations:
D:2 1 runed translucent door, Crazy Yiuf


Innate Abilities, Weirdness & Mutations

You have sharp fingernails.
You are partially covered in slimy green scales. (AC +2)
You may rarely emit foul miasma when damaged in melee.
A meltable shield of frost defends you. (SH +4)


Message History

You closely miss the wight.
The wight is severely damaged.
The wight barely misses you.
You barely miss the wight.
The wight is severely damaged.
You block the wight's attack.
You barely miss the wight.
The wight is severely damaged.
The wight hits you with a +3 mace!
You hit the wight but do no damage.
The wight is severely damaged.
The wight hits you with a +3 mace.
You feel drained.
You hit the wight.
The wight is almost destroyed.
The wight hits you with a +3 mace.
You hit the wight but do no damage.
The wight is almost destroyed.
The wight hits you with a +3 mace!
* * * LOW HITPOINT WARNING * * *
You hit the wight but do no damage.
The wight is almost destroyed.
The wight hits you with a +3 mace!
* * * LOW HITPOINT WARNING * * *
You hit the wight but do no damage.
The wight is almost destroyed.
The wight completely misses you.
You closely miss the wight.
The wight is almost destroyed.
The wight hits you with a +3 mace.
* * * LOW HITPOINT WARNING * * *
You feel drained.
* * * LOW HITPOINT WARNING * * *
You hit the wight but do no damage.
The wight is almost destroyed.
The wight closely misses you.
You closely miss the wight.
The wight is almost destroyed.
The wight hits you with a +3 mace.
You die...
Kikubaaqudgha rasps: "You have failed me!
Welcome... death!"

### #@# #z#
#o# #o# #)#
#.# #.#
#############
#.#
.o...oo>h...#
#.#


You could see a wight and 2 orcs.

Vanquished Creatures
  Eustachio (D:4)
  A water moccasin (D:5)
  Duvessa (D:4)
  A black bear (D:6)
  2 ogres
  4 scorpions
  Dowan (D:4)
  3 bombardier beetles
  A howler monkey (D:6)
  2 hounds (D:5)
  3 orc priests
  An iguana (D:5)
  A jelly (D:5)
  A sleepcap (D:5)
  4 orc wizards
  A hell rat (Sewer)
  Robin (D:4)
  5 gnolls
  5 adders
  2 river rats (Sewer)
  2 dart slugs
  6 ribbon worms
  33 orcs
  10 endoplasms
  3 giant cockroaches
  15 hobgoblins
  3 jackals
  2 quokkas
  A ball python (D:1)
  9 bats
  4 frilled lizards
  19 goblins
  15 kobolds
  2 rats
165 creatures vanquished.

Vanquished Creatures (collateral kills)
  2 goblins
  A quokka (D:2)
3 creatures vanquished.

Grand Total: 168 creatures vanquished

Notes
Turn   | Place    | Note
-------+----------+-------------------------------------------
     0 | D:1      | PaiMei the Demonspawn Necromancer began the quest for the
                  | Orb.
     0 | D:1      | Reached XP level 1. HP: 13/13 MP: 3/3
   322 | D:1      | Gained mutation: You are partially covered in slimy green
                  | scales. (AC +2) [demonic ancestry]
   322 | D:1      | Reached XP level 2. HP: 19/19 MP: 3/5
   656 | D:1      | Reached XP level 3. HP: 24/24 MP: 4/6
  1851 | D:2      | Learned a level 3 spell: Vampiric Draining
  2171 | D:2      | Found a runed translucent door.
  2172 | D:2      | Noticed Crazy Yiuf
  2698 | D:3      | Found a basalt altar of Yredelemnul.
  2706 | D:2      | Gained mutation: A meltable shield of frost defends you.
                  | (SH +4) [demonic ancestry]
  2706 | D:2      | Reached XP level 4. HP: 29/31 MP: 1/7
  2775 | D:3      | Found a faded altar of an unknown god.
  2877 | D:3      | Reached skill level 5 in Necromancy
  2888 | D:3      | Reached skill level 1 in Fighting
  2963 | D:3      | Found Wafraumi's Antique Weapon Emporium.
  3323 | D:3      | Reached XP level 5. HP: 37/37 MP: 1/9
  3977 | D:3      | Found a sparkling altar of Nemelex Xobeh.
  3982 | D:3      | Noticed an ogre
  3989 | D:3      | Killed an ogre
  3990 | D:3      | Reached XP level 6. HP: 44/44 MP: 1/11
  4153 | D:3      | Found an ornate altar of the Wu Jian Council.
  4338 | D:4      | Found Edutoaff's Antique Weapon Boutique.
  4875 | D:4      | Noticed Eustachio
  4888 | D:4      | Noticed Robin
  4911 | D:4      | Killed Robin
  5215 | D:4      | Reached skill level 6 in Necromancy
  5215 | D:4      | Gained mutation: You may rarely emit foul miasma when
                  | damaged in melee. [demonic ancestry]
  5215 | D:4      | Reached XP level 7. HP: 52/52 MP: 7/12
  5316 | D:4      | Noticed Duvessa
  5520 | D:4      | Killed Duvessa
  5562 | D:4      | Noticed Dowan
  5672 | D:4      | Killed Dowan
  5769 | D:4      | Killed Eustachio
  5868 | D:4      | Found a hazy altar of Hepliaklqana.
  6190 | D:5      | Entered Level 5 of the Dungeon
  6346 | D:5      | Gained mutation: You have sharp fingernails. [demonic
                  | ancestry]
  6346 | D:5      | Reached XP level 8. HP: 60/60 MP: 8/14
  6887 | D:5      | Reached skill level 7 in Necromancy
  7029 | D:5      | Found a shimmering altar of Xom.
  7036 | D:5      | Reached skill level 5 in Spellcasting
  7167 | D:5      | Reached skill level 5 in Dodging
  7565 | D:6      | Found a staircase to the Ecumenical Temple.
  7572 | D:6      | Identified the +3 dagger of Imminent Death {drain, Fly
                  | Dex+5}
  7577 | Temple   | Entered the Ecumenical Temple
  7597 | Temple   | Became a worshipper of Kikubaaqudgha
  7636 | D:6      | Found a glowing drain.
  7647 | Sewer    | Entered a sewer
  7650 | Sewer    | Reached skill level 5 in Fighting
  7814 | D:6      | Found an opulent altar of Gozag.
  8055 | D:6      | Slain by a wight

Illustrated notes

Levels and vault maps discovered:
D:1:      dpeg_arrival_rhombi, layout_basic, serial_corexii_hall,
          chequers_hall_statues_wall_a, chequers_hall_statues_corner_a,
          minmay_unequal
D:2:      layout_loops_cross, uniq_crazy_yiuf_cottage
D:3:      corexii_shack_village, layout_loops_corners,
          yredelemnul_altar_generic, general_overflow_altar,
          gammafunk_temple_overflow_wave, serial_shops,
          nicolae_shop_tiny_real_fake_doors, ebering_ecumenical_altar_webs
D:4:      minmay_skewed_foursquare, layout_layer_cave,
          mainiacjoe_overflow_catwalk, serial_shops, nicolae_shop_crystal,
          kennysheep_nondescript, kennysheep_generic_room_13, uniq_duvessa,
          uniq_robin, uniq_eustachio
D:5:      layout_rooms, mainiacjoe_overflow_brackets
D:6:      layout_basic, nicolae_gozag_seed_capital,
          minmay_temple_entry_drinking_statues, cheibrodos_sewer_entry_bend,
          minmay_pentangle
Temple:   hellmonk_temple_of_storms

Skill      XL: |  1  2  3  4  5  6  7  8 |
---------------+-------------------------+-----
Stealth        | 2 |  2.4
Dodging        | 2 3 4 5 |  5.3
Necromancy     | 5 6 7 |  7.5
Fighting       | 1 2 3 4 5 |  5.1
Spellcasting   | 3 4 5 |  5.3

Action                     |  1- 3 |  4- 6 |  7- 9 || total
---------------------------+-------+-------+-------++-------
  Melee: Whip              |     2 |       |       ||     2
         Spear             |     6 |    81 |    51 ||   138
         Dagger            |       |       |    53 ||    53
   Cast: Necrotise         |    81 |    95 |    46 ||   222
         Vampiric Draining |       |    10 |    40 ||    50
    Use: Scroll            |       |       |     1 ||     1
   Stab: Sleeping          |       |     1 |     1 ||     2
 Armour: Robe              |    14 |    79 |    69 ||   162
  Dodge: Dodged            |    34 |    46 |    83 ||   163
  Block: Other             |       |    10 |    24 ||    34
